 Dungeon Crawl Stone Soup version 0.21-a0-110-g8e1637b (webtiles) character file.

408 sagitran the Slasher (level 6, -3/49 HPs)
             Began as a Demonspawn Abyssal Knight on July 10, 2017.
             Was a Priest of Lugonu.
             Slain by an orc warrior
             ... wielding a +0 short sword
              (14 damage)
             ... on level 4 of the Dungeon.
             The game lasted 00:21:11 (4033 turns).

sagitran the Slasher (Demonspawn Abyssal Knight)    Turns: 4033, Time: 00:21:11

Health: -3/49      AC:  6    Str: 14    XL:     6   Next: 57%
Magic:  7/7        EV: 14    Int: 18    God:    Lugonu [***...]
Gold:   184        SH:  0    Dex: 17    Spells: 5/5 levels left

rFire    . . .     SeeInvis .   w - +2 long sword (venom)
rCold    . . .     Gourm    .   (no shield)
rNeg     + + .     Faith    .   s - +1 leather armour {rN+}
rPois    .         Spirit   .   j - +0 helmet
rElec    .         Reflect  .   k - scarf {repulsion}
rCorr    .         Harm     .   l - +0 pair of gloves
MR       .....                  (no boots)
Stlth    +++.......             (no amulet)
HPRegen  0.16/turn              b - ring of positive energy
MPRegen  0.10/turn              q - +4 ring of dexterity

@: brilliant, about to teleport, flying, repel missiles
A: repulsion field 1, nightstalker 1, powered by death 2
a: Depart the Abyss, Bend Space, Banish, Renounce Religion


You were on level 4 of the Dungeon.
You worshipped Lugonu.
Lugonu was most pleased with you.
You were not hungry.

You visited 1 branch of the dungeon, and saw 5 of its levels.
You visited the Abyss 1 time.

You collected 184 gold pieces.

Inventory:

Hand Weapons
 w - a +2 long sword of venom (weapon)
Missiles
 d - 45 stones (quivered)
Armour
 j - a +0 helmet (worn)
 k - a scarf of repulsion (worn)
 l - a +0 pair of gloves (worn)
 p - a +0 chain mail
 s - a +1 leather armour of positive energy (worn)
Jewellery
 b - a ring of positive energy (left hand)
 i - an uncursed ring of protection from magic
 q - a +4 ring of dexterity (right hand)
Scrolls
 m - 2 scrolls of remove curse
 n - a scroll of fear {unknown}
 o - a scroll of enchant weapon {unknown}
 r - a scroll of noise {unknown}
 t - a scroll of random uselessness {unknown}
Potions
 h - a potion of flight
 v - a potion of degeneration {unknown}
Books
 u - a book of Misfortune

   Spells                             Type                      Level
   a - Confusing Touch                Hexes                        1
   b - Confuse                        Hexes                        3
   c - Gell's Gravitas                Translocation                3
   d - Petrify                        Transmutation/Earth          4
   e - Metabolic Englaciation         Hexes/Ice                    5
   f - Yara's Violent Unravelling     Hexes/Transmutation          5
Comestibles
 c - 2 bread rations
 f - 2 meat rations


   Skills:
 + Level 4.3 Fighting
 + Level 4.4 Long Blades
 + Level 0.8 Throwing
 + Level 3.1 Armour
 + Level 1.6 Dodging
 + Level 1.2 Stealth
 + Level 2.6 Invocations


You had 5 spell levels left.
You didn't know any spells.

Dungeon Overview and Level Annotations

Branches:
Dungeon (5/15)
 Temple: D:4-7

Altars:
Gozag
Hepliaklqana
Uskayaw

Annotations:
D:4 Grinder


Innate Abilities, Weirdness & Mutations

You are surrounded by a mild repulsion field. (EV +2)
You are slightly more attuned to the shadows.
You regenerate health from kills.


Message History

The orc hits you but does no damage.
You hit the orc warrior but do no damage.
The orc warrior is poisoned.
The orc hits you but does no damage.
The orc warrior hits you with a short sword!
The orc hits you with a dagger.
* * * LOW HITPOINT WARNING * * *
The orc barely misses you.
The orc warrior hits you with a short sword.
* * * LOW HITPOINT WARNING * * *
It was a potion of brilliance.
You feel clever all of a sudden. The orc closely misses you.
The orc misses you.
You riposte.
You hit the orc.
You kill the orc!
Lugonu accepts your kill. The orc warrior completely misses you.
Okay, then.
As you read the scroll of teleportation, it crumbles to dust.
You feel strangely unstable. The orc barely misses you.
The orc warrior hits you with a short sword!
You die...

####### ###.## ##.....# ##.##
#.###### ##.# .## ##### #.## .#
#...#####..# ## ##....[.....# ##
##..........## ###
.########..(###.....######.####
..........###*##@o............###
.......#### #.o))...............
.....### #.....#######...####
)....# #...### ##### .....# #..##
#### .....## #..#* ##..##
......## #...### ##...)##
....h..## #.....#######.###.).
######..# #.....†......## ###.


You could see an orc warrior and an orc.

Vanquished Creatures
  A phantom (D:4)
  A hound (D:4)
  An orc priest (D:4)
  2 orc wizards
  A bullfrog skeleton (D:4)
  A worker ant (D:4)
  A gnoll (D:2)
  5 adders
  An ooze (D:1)
  An adder skeleton (D:4)
  A worm (D:2)
  A dart slug (D:1)
  A leopard gecko (D:3)
  11 orcs
  4 giant cockroaches
  8 goblins
  6 hobgoblins
  5 jackals
  5 kobolds
  2 quokkas (D:2)
  9 bats
  3 frilled lizards
  10 rats
81 creatures vanquished.

Notes
Turn   | Place    | Note
-------+----------+-------------------------------------------
     0 | Abyss:1  | sagitran the Demonspawn Abyssal Knight began the quest for the Orb.
     0 | Abyss:1  | Reached XP level 1. HP: 18/18 MP: 2/2
     8 | D:1      | Escaped the Abyss
   282 | D:1      | Gained mutation: You regenerate a little health from kills. [demonic ancestry]
   282 | D:1      | Reached XP level 2. HP: 24/24 MP: 3/3
   879 | D:2      | Reached skill level 1 in Dodging
   879 | D:2      | Gained mutation: You are surrounded by a mild repulsion field. (EV +2) [demonic ancestry]
   879 | D:2      | Reached XP level 3. HP: 12/29 MP: 4/4
   880 | D:2      | Reached ** piety under Lugonu
  1831 | D:2      | Gained mutation: You are slightly more attuned to the shadows. [demonic ancestry]
  1831 | D:2      | Reached XP level 4. HP: 32/36 MP: 5/5
  2410 | D:3      | Reached XP level 5. HP: 29/42 MP: 6/6
  2525 | D:3      | Found a faded altar of an unknown god.
  2564 | D:3      | Found a hide-covered altar of Uskayaw.
  2677 | D:3      | Found a hazy altar of Hepliaklqana.
  2799 | D:4      | Reached *** piety under Lugonu
  3045 | D:4      | Noticed Grinder
  3050 | D:4      | Paralysed by Grinder for 7 turns
  3258 | D:4      | Reached skill level 1 in Stealth
  3619 | D:4      | Noticed a phantom
  3687 | D:4      | Gained mutation: You regenerate health from kills. [demonic ancestry]
  3687 | D:4      | Reached XP level 6. HP: 34/48 MP: 7/7
  3765 | D:5      | Entered Level 5 of the Dungeon
  3949 | D:3      | Found an opulent altar of Gozag.
  4019 | D:4      | Noticed an orc warrior
  4033 | D:4      | Slain by an orc warrior

Vault maps used:
D:1:      dpeg_arrival_yet_another_circle, minmay_bisected
D:2:      minmay_pentomino_t4
D:3:      nicolae_overflow_hidden_temple, old_standard_altar,
          chequers_ecumenical_altar_twisty, first_bread
D:4:      kennysheep_small_square, uniq_grinder

Skill      XL: |  1  2  3  4  5  6 |
---------------+-------------------+-----
Long Blades    | 2 3 4 |  4.4
Armour         | 2 3 |  3.1
Dodging        | 1 |  1.6
Fighting       | 4 |  4.3
Stealth        | 1 |  1.2
Throwing       | |  0.8
Invocations    | |  2.6

Action                   |  1- 3 |  4- 6 || total
-------------------------+-------+-------++-------
Melee: Falchion          |   140 |   123 ||   263
       Long sword        |       |    29 ||    29
Throw: Stone             |       |    17 ||    17
  Use: Scroll            |     1 |     5 ||     6
       Potion            |     3 |     3 ||     6
 Stab: Sleeping          |       |     2 ||     2
       Distracted        |       |     1 ||     1
  Eat: Bread ration      |     1 |     2 ||     3
Armor: Leather armour    |    11 |    21 ||    32
       Ring mail         |    54 |     8 ||    62
       Chain mail        |       |    43 ||    43
Dodge: Dodged            |   128 |   120 ||   248
       Deflected         |       |     5 ||     5
       Rpst.: Falchion   |    39 |    43 ||    82
       Long sword        |       |     7 ||     7
